 Dungeon Crawl Stone Soup version 0.28.0 (console) character file.

Game seed: 11557840317960319508

233 ryathie the Skirmisher (level 6, 0/40 HPs)
             Began as a Gargoyle Fighter on Feb 17, 2022.
             Shot with an arrow by a centaur (9 damage)
             ... on level 7 of the Dungeon.
             The game lasted 00:05:04 (940 turns).

ryathie the Skirmisher (Gargoyle Fighter)            Turns: 940, Time: 00:05:04

Health: 0/40       AC: 11    Str: 20    XL:     6   Next: 5%
Magic:  6/6        EV:  9    Int:  8    God:
Gold:   76         SH:  4    Dex: 11    Spells: 5/5 levels left

rFire   . . .      SeeInvis .   a - +0 war axe
rCold   . . .      Faith    .   c - +0 buckler
rNeg    + . .      Spirit   .   b - +0 scale mail
rPois   ∞          Reflect  .   (no helmet)
rElec   +          Harm     .   (no cloak)
rCorr   +          Rampage  .   (no gloves)
Will    .....                   (no boots)
Stlth   ..........              (no amulet)
HPRegen 0.13/turn               i - ring of resist corrosion
MPRegen 0.10/turn               (no ring)

@: no status effects
A: sickness immunity, AC +4, negative energy resistance 1, electricity
resistance, torment resistance 1, petrification resistance
a: no special abilities


You were on level 7 of the Dungeon.
You visited 1 branch of the dungeon, and saw 7 of its levels.

You collected 76 gold pieces.

Inventory:

Hand Weapons
 a - a +0 war axe (weapon)
Armour
 b - a +0 scale mail (worn)
 c - a +0 buckler (worn)
Jewellery
 i - a ring of resist corrosion (left hand)
Scrolls
 d - 2 scrolls of teleportation {unknown}
 h - a scroll of amnesia {unknown}
 k - 2 scrolls of enchant weapon {unknown}
Potions
 f - a potion of flight
 g - a potion of resistance
 j - a potion of curing


   Skills:
 + Level 5.5 Fighting
 + Level 4.1 Axes
 - Level 3.2 Armour
 - Level 3.2 Shields


You had 5 spell levels left.
You didn't know any spells.
Your spell library was empty.

Dungeon Overview and Level Annotations

Branches:
Dungeon (7/15)
 Temple: D:4-7

Altars:


Innate Abilities, Weirdness & Mutations

You are immune to sickness and miasma.
Your stone body is resilient. (AC +4)
You are immune to poison.
You resist negative energy. (rN+)
You are resistant to electric shocks. (rElec)
You are resistant to unholy torment.
You are immune to petrification.


Message History

The centaur kicks you but does no damage.
As you read the scroll of identify, it crumbles to dust.
g - a potion of resistance The centaur misses you.
The centaur kicks you but does no damage.
A scorpion comes into view.
Okay, then.
Press: ? - help, v - describe, . - travel
Here: a hornet zombie The floor.
Unknown command.
You slash the centaur!
The centaur is moderately wounded.
The centaur hits you but does no damage.
The centaur kicks you but does no damage.
The centaur hits you but does no damage.
The centaur kicks you but does no damage.
You slash the centaur!
The centaur is severely wounded.
The centaur hits you but does no damage.
The centaur kicks you but does no damage.
The centaur hits you but does no damage.
The centaur misses you.
You barely miss the centaur.
The centaur is severely wounded.
You slash the scorpion! You block the centaur's attack. x2
You block the scorpion's attack.
The centaur hits you but does no damage.
The centaur barely misses you. The scorpion stings you.
You closely miss the centaur.
The centaur is severely wounded.
You barely miss the scorpion. The centaur completely misses you.
The centaur kicks you but does no damage.
The centaur barely misses you.
The centaur kicks you but does no damage.
The scorpion stings you!
* * * LOW HITPOINT WARNING * * *
The centaur wields a +0 shortbow.
The centaur shoots an arrow.
The arrow hits you!
You die...

##≈≈≈#..#
##.###.#
#.###.# #..##.#
##.##.# #....#
#.####
########.###
....>..@.s.#
.#######.#.#
#c#.#
.....^.Z.......
...............
..............$
######∩########
#. #!


You could see a centaur, a scorpion and a hornet zombie.

Vanquished Creatures
  Sigmund (D:3)
  A howler monkey zombie (D:7)
  4 adders
  A white imp (D:7)
  2 orcs
  2 endoplasms
  A giant cockroach (D:3)
  A goblin (D:4)
  3 hobgoblins
  4 jackals (D:4)
  A frilled lizard (D:3)
21 creatures vanquished.

Notes
Turn   | Place    | Note
-------+----------+-------------------------------------------
     0 | D:1      | ryathie the Gargoyle Fighter began the quest for the Orb.
     0 | D:1      | Reached XP level 1. HP: 14/14 MP: 1/1
    42 | D:1      | Found a faded altar of an unknown god.
   109 | D:3      | Reached XP level 2. HP: 12/20 MP: 2/2
   249 | D:3      | Noticed Sigmund
   328 | D:3      | Killed Sigmund
   329 | D:3      | Reached skill level 5 in Fighting
   329 | D:3      | Reached XP level 3. HP: 8/26 MP: 3/3
   329 | D:3      | Reached XP level 4. HP: 10/31 MP: 4/4
   329 | D:3      | Reached XP level 5. HP: 11/35 MP: 5/5
   488 | D:5      | Entered Level 5 of the Dungeon
   848 | D:7      | Reached XP level 6. HP: 34/40 MP: 6/6
   876 | D:7      | Found Secwyn's Armour Boutique.
   940 | D:7      | Shot with an arrow by a centaur

Illustrated notes

Levels and vault maps discovered:
D:1:      lightli_molten_gateway, layout_loops_corners,
          ebering_ecumenical_altar_abandoned, minmay_tall_x
D:2:      layout_basic, serial_shops, shop, hex_large
D:3:      layout_loops_ring, uniq_ijyb, uniq_sigmund
D:4:      layout_basic, minmay_temple_entry_overgrown, serial_forest,
          infiniplex_forest_straight_4, infiniplex_forest_clump_C,
          infiniplex_forest_clump_small, infiniplex_forest_straight_5,
          infiniplex_forest_clump_tiny, infiniplex_forest_end_1
D:5:      layout_loops_ring
D:6:      minmay_opposing_rooms, layout_loops_cross
D:7:      layout_loops_ring, nicolae_yredelemnul_corpse_copse, serial_shops,
          nicolae_shop_waterfront, chequers_ossuary_entry_cave,
          due_unseen_surprise, uniq_duvessa

Skill      XL: |  1  2  3  4  5 |
---------------+----------------+-----
Axes           | 2 3 4 |  4.1
Fighting       | 5 |  5.5
Armour         | |  3.2
Shields        | |  3.2

Action                   |  1- 3 |  4- 6 || total
-------------------------+-------+-------++-------
Melee: War axe           |    23 |    47 ||    70
  Use: Potion            |     2 |       ||     2
       Scroll            |     1 |     2 ||     3
Armor: Scale mail        |     9 |    44 ||    53
Dodge: Dodged            |     9 |    32 ||    41
Block: Buckler           |     2 |    16 ||    18
